 Dungeon Crawl Stone Soup version 0.31.0-11-ge490571c62 (webtiles) character file.

Game seed: 16137674934568737207

235 Gadfly the Insei (level 5, -6/41 HPs)
             Began as a Demonspawn Monk on Jan 29, 2024.
             Mangled by Menkaure (15 damage)
             ... on level 4 of the Dungeon.
             The game lasted 00:03:23 (2617 turns).

Gadfly the Insei (Demonspawn Monk)                  Turns: 2617, Time: 00:03:24

Health: -6/41      AC:  5    Str: 13    XL:     5   Next: 76%
Magic:  5/5        EV: 13    Int: 10    God:
Gold:   113        SH:  0    Dex: 16    Spells: 4/4 levels left

rFire   . . .        b - +3 quarterstaff (chaos)
rCold   . . .        (shield currently unavailable)
rNeg    . . .        a - +0 robe
rPois   .            (helmet restricted)
rElec   .            r - +1 cloak {Stlth+}
rCorr   .            (no gloves)
SInv    .            j - +0 pair of boots
Will    .....        (no amulet)
Stlth   ++           (no ring)
HPRegen 0.26/turn    (no ring)
MPRegen 0.09/turn

%: no passive effects
@: no status effects
A: horns 2, foul stench 1
a: no special abilities


You were on level 4 of the Dungeon.
You visited 1 branch of the dungeon, and saw 5 of its levels.

You collected 113 gold pieces.

Inventory:

Hand Weapons
 b - a +3 quarterstaff of chaos (weapon)
Armour
 a - a +0 robe (worn)
 c - an orb of light
 j - a +0 pair of boots (worn)
 r - a +1 cloak of stealth (worn)
Talismans
 e - a serpent talisman
 p - a beast talisman
Wands
 s - a wand of paralysis (7) (quivered)
Scrolls
 d - a scroll of blinking
 m - a scroll of enchant weapon
 n - 3 scrolls of identify
 o - 2 scrolls of torment
 q - 2 scrolls of fear
 t - a scroll of immolation {unknown}
Potions
 f - 3 potions of attraction
 g - a potion of might
 h - a potion of berserk rage
 i - a potion of curing
 k - a potion of haste
 l - a potion of resistance


   Skills:
 + Level 3.6 Fighting
 + Level 3.3 Dodging
 * Level 3.7 Unarmed Combat
 * Level 2.5 Evocations
 * Level 2.0 Shapeshifting


You had 4 spell levels left.
You didn't know any spells.
Your spell library contained the following spells:

 Spells                   Type           Power      Damage    Failure   Level
 Hailstorm                Conj/Ice       0%         3d5       75%         3
 Summon Ice Beast         Ice/Summ       0%         N/A       75%         3
 Sculpt Simulacrum        Ice/Alch       0%         N/A       100%        6


Dungeon Overview and Level Annotations

Branches:
Dungeon (5/15)
 Temple: D:4-7

Altars:

Shops:
D:1 !

Annotations:
D:4 Menkaure


Innate Abilities, Weirdness & Mutations

You have a pair of horns on your head.
You may rarely emit foul miasma when damaged in melee.


Message History

You kill the goblin!
Menkaure gestures at you while chanting.
Pain shoots through your body!
A hobgoblin comes into view.
You see here a +0 club.
You barely miss Menkaure.
The hobgoblin shouts!
Menkaure hits you!
You hit Menkaure.
Menkaure's magic leaks into the air.
Menkaure is lightly damaged.
Menkaure hits you!
* * * LOW HITPOINT WARNING * * *
You are too injured to fight recklessly!
You are too injured to fight recklessly!
You are too injured to fight recklessly!
You are too injured to fight recklessly!
You are too injured to fight recklessly!
You are too injured to fight recklessly!
You are too injured to fight recklessly!
You are too injured to fight recklessly!
You are too injured to fight recklessly!
You are too injured to fight recklessly!
You are too injured to fight recklessly!
You are too injured to fight recklessly!
You are too injured to fight recklessly!
You are too injured to fight recklessly!
You hit Menkaure but do no damage.
Menkaure is lightly damaged.
Menkaure's magic is no longer disrupted.
Menkaure hits you.
* * * LOW HITPOINT WARNING * * *
You sock Menkaure! You burn Menkaure.
Menkaure is heavily damaged.
Menkaure hits you.
* * * LOW HITPOINT WARNING * * *
Okay, then.
You thump Menkaure!
Menkaure seems to slow down.
Menkaure is almost destroyed.
Menkaure hits you!
You die...

###.# ..... ##.#.#
#### ..#.#....< #
#.#.#..... #.
#.#.......
...#..######g........
...........@M...#
......#########.#
###.# .. #. .# #


You could see Menkaure (slow) and a hobgoblin.

Vanquished Creatures
  An ogre (D:5)
  Crazy Yiuf (D:2)
  Ijyb (D:3)
  2 gnolls (D:2)
  4 adders (D:2)
  2 orcs
  5 ball pythons
  4 bats
  An endoplasm (D:2)
  A giant cockroach (D:1)
  2 goblins
  4 hobgoblins
  4 jackals (D:1)
  7 kobolds
  2 quokkas
  4 frilled lizards
  5 rats
50 creatures vanquished.

Notes
Turn   | Place    | Note
-------+----------+-------------------------------------------
     0 | D:1      | Gadfly the Demonspawn Monk began the quest for the Orb.
     0 | D:1      | Reached XP level 1. HP: 18/18 MP: 1/1
   216 | D:1      | Found Bostui's Distillery.
   308 | D:1      | Gained mutation: You have a pair of small horns on your
                  | head. [demonic ancestry]
   308 | D:1      | Reached XP level 2. HP: 24/24 MP: 2/2
   413 | D:1      | Reached skill level 1 in Evocations
   938 | D:2      | Reached skill level 1 in Shapeshifting
   938 | D:2      | Gained mutation: You have a pair of horns on your head.
                  | [demonic ancestry]
   938 | D:2      | Reached XP level 3. HP: 27/29 MP: 3/3
  1300 | D:2      | Gained mutation: You may rarely emit foul miasma when
                  | damaged in melee. [demonic ancestry]
  1300 | D:2      | Reached XP level 4. HP: 20/35 MP: 4/4
  1716 | D:2      | Found a runed translucent door.
  1717 | D:2      | Noticed Crazy Yiuf
  2085 | D:2      | Killed Crazy Yiuf
  2335 | D:3      | Noticed Ijyb
  2347 | D:3      | Killed Ijyb
  2348 | D:3      | Reached XP level 5. HP: 28/41 MP: 5/5
  2469 | D:3      | You fall into a shaft and drop 2 floors!
  2469 | D:5      | Entered Level 5 of the Dungeon
  2476 | D:5      | Noticed an ogre
  2485 | D:5      | Killed an ogre
  2599 | D:4      | Noticed Menkaure
  2617 | D:4      | Mangled by Menkaure

Illustrated notes

Levels and vault maps discovered:
D:1:      giann_horns, layout_basic, serial_shops, nicolae_shop_tiny_waterfront
D:2:      kb_forest_paths, layout_basic, minmay_misc_feat_alley,
          nicolae_half_adder, uniq_crazy_yiuf_cottage
D:3:      layout_basic, nicolae_overflow_squiral, minmay_three_crescents,
          uniq_grinder, uniq_ijyb
D:4:      minmay_bubble_buster, layout_basic, minmay_temple_entry_fiery,
          minmay_misc_feat_five, solitary_fountain, grunt_decor_cap,
          uniq_menkaure, uniq_pikel, uniq_robin
D:5:      layout_loops_ring, mainiacjoe_overflow_surrounded_room,
          lightli_corner_chamber, uniq_edmund

Skill      XL: |  1  2  3  4  5 |
---------------+----------------+-----
Evocations     | 1 2 |  2.5
Unarmed Combat | 3 |  3.7
Shapeshifting  | 1 2 |  2.0
Dodging        | 3 |  3.3
Fighting       | |  3.6

Action                     |  1- 3 |  4- 6 || total
---------------------------+-------+-------++-------
  Melee: Unarmed           |   109 |    19 ||   128
         Headbutt          |     9 |     7 ||    16
         Quarterstaff      |       |    27 ||    27
Ability: Begin Untransform |       |     1 ||     1
    Use: Scroll            |     7 |     2 ||     9
         Potion            |     3 |       ||     3
   Stab: Sleeping          |       |     1 ||     1
 Armour: Robe              |    47 |    29 ||    76
  Dodge: Dodged            |    80 |    22 ||   102
   Form: Beast             |       |     1 ||     1
